 Dungeon Crawl Stone Soup version 0.27-a0-965-gbf8bb431c4 (webtiles) character file.

Game seed: 3965875154806296413

95 Lanoc the Ducker (level 4, -3/24 HPs)
             Began as a Kobold Venom Mage on Apr 12, 2021.
             Was a Follower of Kikubaaqudgha.
             Slain by a scorpion (9 damage)
             ... on level 4 of the Dungeon.
             The game lasted 00:03:51 (3494 turns).

Lanoc the Ducker (Kobold Venom Mage)                Turns: 3494, Time: 00:03:51

Health: -3/24      AC:  2    Str:  5    XL:     4   Next: 97%
Magic:  5/7        EV: 15    Int: 17    God:    Kikubaaqudgha [*.....]
Gold:   23         SH:  0    Dex: 15    Spells: 5/7 levels left

rFire    . . .     SeeInvis .   k - +2 dagger (protect)
rCold    . . .     Faith    .   (shield restricted)
rNeg     . . .     Spirit   .   a - +0 robe
rPois    .         Reflect  .   (no helmet)
rElec    .         Harm     .   (no cloak)
rCorr    .         Rampage  .   (no gloves)
Will     .....                  (no boots)
Stlth    +++.......             (no amulet)
HPRegen  0.08/turn              (no ring)
MPRegen  0.10/turn              (no ring)

@: lethally poisoned (-3 -> -12)
A: small, no large weapons, nightstalker 3
a: Renounce Religion, Receive Corpses


You were on level 4 of the Dungeon.
You worshipped Kikubaaqudgha.
Kikubaaqudgha was aware of your devotion.
You visited 1 branch of the dungeon, and saw 4 of its levels.

You collected 86 gold pieces.
You spent 63 gold pieces at shops.

Inventory:

Hand Weapons
 k - a +2 dagger of protection (weapon)
Armour
 a - a +0 robe (worn)
Wands
 n - a wand of digging (5)
Scrolls
 b - 2 scrolls of enchant armour {unknown}
 d - a scroll of silence {unknown}
 e - a scroll of amnesia {unknown}
 f - a scroll of blinking {unknown}
 g - a scroll of vulnerability {unknown}
 i - 4 scrolls of identify {unknown}
 j - 2 scrolls of teleportation {unknown}
 m - 2 scrolls of enchant weapon {unknown}
 o - a scroll of brand weapon {unknown}
Potions
 c - a potion of heal wounds {unknown}
 h - a potion of ambrosia {unknown}
 l - 2 potions of might {unknown}


   Skills:
 + Level 3.8 Dodging
 - Level 2.6 Stealth
 - Level 2.1 Spellcasting
 * Level 2.4 Necromancy
 - Level 1.0 Transmutations
 - Level 3.7 Poison Magic


You had 5 spell levels left.
You knew the following spells:

 Your Spells              Type           Power      Damage    Failure   Level
a - Pain                  Necr           40%        1d6       7%          1
b - Sting                 Tmut/Pois      36%        1d4       7%          1

Your spell library contained the following spells:

 Spells                   Type           Power      Damage    Failure   Level
 Animate Skeleton         Necr           20%        N/A       7%          1
 Sublimation of Blood     Necr           5%         N/A       11%         2
 Poisonous Vapours        Pois/Air       16%        N/A       13%         2
 Corona                   Hex            1%         N/A       19%         1
 Vampiric Draining        Necr           5%         2d6       22%         3
 Ensorcelled Hibernation  Hex/Ice        2%         N/A       28%         2
 Ignite Poison            Fire/Tmut/Pois 7%         N/A       30%         3
 Mephitic Cloud           Conj/Pois/Air  6%         N/A       34%         3
 Olgreb's Toxic Radiance  Pois           14%        N/A       38%         4
 Confusing Touch          Hex            1%         N/A       50%         3
 Dazzling Flash           Conj/Hex       2%         N/A       50%         3
 Gell's Gravitas          Tloc           0%         N/A       50%         3
 Tukima's Dance           Hex            1%         N/A       50%         3
 Petrify                  Tmut/Erth      3%         N/A       83%         4
 Metabolic Englaciation   Hex/Ice        0%         N/A       99%         5
 Yara's Violent Unravell  Hex/Tmut       1%         3d3       99%         5


Dungeon Overview and Level Annotations

Branches:
Dungeon (4/15)
 Temple: D:4-7

Altars:
Elyvilon
Kikubaaqudgha
Nemelex Xobeh
Yredelemnul

Shops:
D:3 *

Annotations:
D:4 Robin


Innate Abilities, Weirdness & Mutations

You are small and have problems with some larger weapons.
You are completely attuned to the shadows.


Message History

You feel sick.
Robin roars a battlecry!
The hobgoblin goes into a battle-frenzy!
You hear a shout!
Things that are here:
a +0 dagger of venom; a goblin corpse You feel sick.
You feel sick.
You feel sick.
You are no longer poisoned.
There is a stone staircase leading up here.
You climb upwards.
There is a stone staircase leading down here.
You see here 14 poisoned darts.
There is an escape hatch in the floor here.
You slide downwards.
The hatch slams shut behind you.
Level annotation: Robin A hound comes into view.
Magic restored.
A scorpion comes into view.
Casting: Sting (safe; 7% risk of failure)
Confirm with . or Enter, or press ? or * to list all spells.
Aiming: Sting (safe; 7% risk of failure)
Press: ? - help, Shift-Dir - straight line, f - scorpion
Aim: a scorpion (wandering, hasn't noticed you, 32% to evade)
The sting hits the scorpion but does no damage.
The scorpion is poisoned.
The scorpion stings you!
You are lethally poisoned!
The scorpion poisons you!
Casting: Sting (safe; 7% risk of failure)
Confirm with . or Enter, or press ? or * to list all spells.
Aiming: Sting (safe; 7% risk of failure)
Press: ? - help, Shift-Dir - straight line, f/p - scorpion
Aim: a scorpion (lightly wounded, poisoned, 32% to evade)
The sting misses the scorpion.
* * * LOW HITPOINT WARNING * * *
You feel very sick. The scorpion stings you!
You die...
Kikubaaqudgha rasps: "You have failed me!
Welcome... death!"

#.# .. .#
####.### #.......
#s#..##h #@#..#
#.#...# #.#.#.#
#.. .... ##. .
...
.##.#.########
#.##.#.#......###
#.##.....####....
#.###.####.###
#....


You could see a scorpion (poisoned).

Vanquished Creatures
  3 gnolls (D:3)
  2 adders (D:2)
  A worm (D:3)
  2 dart slugs
  3 bats
  6 endoplasms
  A giant cockroach (D:1)
  6 goblins
  4 hobgoblins
  A quokka (D:3)
  3 frilled lizards
  5 kobolds
  4 rats
41 creatures vanquished.

Notes
Turn   | Place    | Note
-------+----------+-------------------------------------------
     0 | D:1      | Lanoc the Kobold Venom Mage began the quest for the Orb.
     0 | D:1      | Reached XP level 1. HP: 10/10 MP: 3/3
   361 | D:1      | Reached XP level 2. HP: 14/15 MP: 1/5
  1048 | D:2      | Reached XP level 3. HP: 12/19 MP: 0/6
  1276 | D:2      | Found a faded altar of an unknown god.
  1305 | D:2      | Became a worshipper of Kikubaaqudgha
  1305 | D:2      | Reached * piety under Kikubaaqudgha
  1305 | D:2      | Identified Kikubaaqudgha's Collected Works on Dark Magic
                  | (Kikubaaqudgha gifted it to you on level 2 of the Dungeon)
  1305 | D:2      | Received a gift from Kikubaaqudgha
  1309 | D:2      | Learned a level 1 spell: Pain
  1433 | D:2      | Reached skill level 1 in Necromancy
  2024 | D:2      | Reached XP level 4. HP: 18/24 MP: 0/7
  2341 | D:3      | Found a white marble altar of Elyvilon.
  2417 | D:3      | Found a sparkling altar of Nemelex Xobeh.
  2816 | D:3      | Found a basalt altar of Yredelemnul.
  2856 | D:3      | Found Ynutsa's Assorted Antiques.
  2887 | D:3      | Bought a scroll labelled FAIXKU DEOG for 21 gold pieces
  2887 | D:3      | Bought a scroll labelled OMEF NOAXKU for 21 gold pieces
  2887 | D:3      | Bought a scroll labelled HYLAWU YRACU for 21 gold pieces
  3419 | D:4      | Noticed Robin
  3492 | D:4      | Noticed a scorpion
  3494 | D:4      | Slain by a scorpion

Illustrated notes

Levels and vault maps discovered:
D:1:      psy_arrival_basics, layout_rooms, hangedman_decor_growths
D:2:      layout_rooms, hellmonk_ecumenical_altar_lost_god
D:3:      layout_basic, nicolae_elyvilon_peaceful_grove,
          nicolae_overflow_crystal_walls, lemuel_doored_altar, serial_shops,
          nicolae_shop_overgrown_old_shop
D:4:      layout_loops_cross, uniq_robin, uniq_duvessa, uniq_sigmund

Skill      XL: |  1  2  3  4 |
---------------+-------------+-----
Dodging        | 3 |  3.8
Necromancy     | 1 2 |  2.4
Stealth        | |  2.6
Spellcasting   | |  2.1
Transmutations | |  1.0
Poison Magic   | |  3.7

Action                   |  1- 3 |  4- 6 || total
-------------------------+-------+-------++-------
Melee: Unarmed           |    13 |       ||    13
       Dagger            |     2 |     4 ||     6
 Cast: Sting             |    37 |    15 ||    52
       Pain              |    16 |    27 ||    43
Armor: Robe              |       |     1 ||     1
Dodge: Dodged            |    13 |     6 ||    19

Table legend: (Time is in decaauts)
 A = Elapsed time spent in this place.
 B = Non-inter-level travel time spent in this place.
 C = Inter-level travel time spent in this place.
 D = Time resting spent in this place.
 E = Time spent auto-exploring this place.
 F = Levels seen in this place.
 G = Mean time per level.
                   A        B        C        D        E       F      G
               +--------+--------+--------+--------+--------+-----+--------+
         Total |   3497 |   3440 |     57 |      0 |   3159 |   4 |  874.2 |
       Dungeon |   3497 |   3440 |     57 |      0 |   3159 |   4 |  874.2 |
               +--------+--------+--------+--------+--------+-----+--------+

Top non-repeatable levels by time:
     D:3: 1269 daAuts
     D:2: 1156 daAuts
     D:1: 955 daAuts
     D:4: 116 daAuts
